 Dungeon Crawl Stone Soup version 0.28-a0-1518-gbe868bca14 (webtiles) character file.

Game seed: 16993059237999127164

539 hashsling the Thaumaturge (level 7, 0/36 HPs)
             Began as a Deep Elf Conjurer on Jan 16, 2022.
             Shot with an arrow by a centaur (10 damage)
             ... on level 5 of the Dungeon.
             The game lasted 00:09:13 (3801 turns).

hashsling the Thaumaturge (Deep Elf Conjurer)       Turns: 3801, Time: 00:09:14

Health: 0/36       AC:  2    Str:  4    XL:     7   Next: 5%
Magic:  14/21      EV: 12    Int: 25    God:
Gold:   115        SH:  0    Dex: 13    Spells: 12/24 levels left

rFire   . . .      SeeInvis .   i - +0 halberd
rCold   . . .      Faith    .   (shield currently unavailable)
rNeg    . . .      Spirit   .   d - +0 robe
rPois   .          Reflect  .   (no helmet)
rElec   .          Harm     .   (no cloak)
rCorr   .          Rampage  .   (no gloves)
Will    .....                   (no boots)
Stlth   ++........              (no amulet)
HPRegen 0.12/turn               (no ring)
MPRegen 0.17/turn               (no ring)

@: no status effects
A: no striking features
a: no special abilities


You were on level 5 of the Dungeon.
You visited 1 branch of the dungeon, and saw 5 of its levels.

You collected 115 gold pieces.

Inventory:

Hand Weapons
 g - a +0 long sword
 i - a +0 halberd (weapon)
Armour
 d - a +0 robe (worn)
Scrolls
 a - 2 scrolls of teleportation {unknown}
 b - a scroll of fear {unknown}
 c - a scroll of immolation {unknown}
 e - 2 scrolls of identify {unknown}
 f - a scroll of enchant armour {unknown}
 h - a scroll of summoning {unknown}
 j - a scroll of enchant weapon {unknown}
 k - a scroll of silence {unknown}


   Skills:
 - Level 2.4 Dodging
 - Level 2.4 Stealth
 * Level 9.3 Spellcasting
 + Level 5.1 Conjurations
 - Level 2.0 Hexes
 - Level 1.0 Translocations


You had 12 spell levels left.
You knew the following spells:

 Your Spells              Type           Power      Damage    Failure   Level
a - Magic Dart            Conj           100%       1d8       1%          1
b - Blink                 Tloc           32%        N/A       5%          2
c - Searing Ray           Conj           74%        2d7       1%          2
d - Dazzling Flash        Conj/Hex       58%        N/A       3%          3
e - Iskenderun's Mystic   Conj/Tloc      27%        2d7       14%         4

Your spell library contained the following spells:

 Spells                   Type           Power      Damage    Failure   Level
 Ensorcelled Hibernation  Hex/Ice        32%        N/A       5%          2
 Sublimation of Blood     Necr           11%        N/A       9%          2
 Wereblood                Tmut           11%        N/A       9%          2
 Fulminant Prism          Conj/Hex       14%        3d9       12%         4
 Frozen Ramparts          Ice            22%        1d4       16%         3
 Spider Form              Tmut/Pois      11%        N/A       16%         3
 Anguish                  Hex/Necr       8%         N/A       34%         4
 Ice Form                 Ice/Tmut       11%        N/A       47%         4
 Summon Ice Beast         Ice/Summ       11%        N/A       47%         4
 Manifold Assault         Tloc           16%        N/A       67%         5
 Storm Form               Tmut/Air       5%         N/A       100%        7
 Summon Hydra             Summ           5%         N/A       100%        7


Dungeon Overview and Level Annotations

Branches:
Dungeon (5/15)
 Temple: D:4-7

Altars:


Message History

A jackal comes into view.
The magic dart hits the jackal but does no damage.
The jackal is heavily wounded.
The jackal barks!
You hear a bark! x2; You hear a shout!
A jackal comes into view.
The magic dart hits the jackal!
You kill the jackal!
The magic dart hits the jackal but does no damage.
A centaur comes into view.
The centaur wields a +0 shortbow.
The centaur shoots an arrow.
The arrow hits you!
You hear a bark!
The jackal bites you.
Aiming: Magic Dart (safe; 1% risk of failure)
Press: ? - help, Q - select action, (/) - cycle Shift-Dir - straight line, f/p - jackal
Aim: a jackal (100% to hit)
The magic dart hits the jackal!
You kill the jackal!
Aiming: Magic Dart (safe; 1% risk of failure)
Press: ? - help, Q - select action, (/) - cycle Shift-Dir - straight line, f - jackal
Aim: a jackal (100% to hit)
The magic dart hits the jackal.
The jackal is moderately wounded.
The jackal bites you but does no damage.
The jackal bites you.
Aiming: Magic Dart (safe; 1% risk of failure)
Press: ? - help, Q - select action, (/) - cycle Shift-Dir - straight line, f/p - jackal
Aim: a jackal (moderately wounded, 100% to hit)
The magic dart hits the jackal.
You kill the jackal!
The centaur shoots an arrow.
The arrow hits you.
Casting: Magic Dart (safe; 1% risk of failure)
Confirm with . or Enter, or press ? or * to list all spells.
You blink.
The centaur shoots an arrow.
The arrow hits you!
* * * LOW HITPOINT WARNING * * *
The centaur shoots an arrow.
The arrow barely misses you.
The centaur shoots an arrow.
The arrow barely misses you.
You feel stable enough to blink again.
The centaur shoots an arrow.
The arrow hits you!
You die...

.. ########### #.
#...<.<...###.
#..#.........(...
#.#..†..........
.###...........<...
...................
#.......##......
###....#### ##.###
.........@.# .#
...##....#.#### #
... ####......# ...
#......# ....
#..c...# ....##
#......#
......###†.....#
....#..#.......#
.........#.....#


You could see a centaur.

Vanquished Creatures
  An ogre (D:4)
  A scorpion (D:5)
  A wyvern skeleton (D:4)
  A bullfrog zombie (D:3)
  3 hounds
  Jessica (D:2)
  A howler monkey skeleton (D:4)
  7 gnolls (D:3)
  5 adders
  A worm (D:2)
  An adder skeleton (D:4)
  A dart slug (D:3)
  An orc (D:4)
  3 bats
  7 endoplasms
  4 giant cockroaches
  4 goblins
  8 hobgoblins
  7 jackals
  4 quokkas
  4 ball pythons
  4 frilled lizards
  5 kobolds
  10 rats
85 creatures vanquished.

Notes
Turn   | Place    | Note
-------+----------+-------------------------------------------
     0 | D:1      | hashsling the Deep Elf Conjurer began the quest for the
                  | Orb.
     0 | D:1      | Reached XP level 1. HP: 10/10 MP: 6/6
   207 | D:1      | Reached skill level 4 in Spellcasting
   207 | D:1      | Reached XP level 2. HP: 15/15 MP: 3/9
   210 | D:1      | Learned a level 2 spell: Searing Ray
  1062 | D:2      | Found a faded altar of an unknown god.
  1123 | D:2      | Reached skill level 5 in Spellcasting
  1123 | D:2      | Reached XP level 3. HP: 19/19 MP: 7/11
  1183 | D:2      | Noticed Jessica
  1185 | D:2      | Killed Jessica
  1222 | D:2      | Reached skill level 6 in Spellcasting
  1222 | D:2      | Reached XP level 4. HP: 21/24 MP: 11/14
  1881 | D:3      | Reached skill level 7 in Spellcasting
  1881 | D:3      | Reached XP level 5. HP: 22/28 MP: 7/16
  2305 | D:3      | Reached skill level 8 in Spellcasting
  2363 | D:3      | Learned a level 3 spell: Dazzling Flash
  2366 | D:3      | Learned a level 2 spell: Blink
  2371 | D:3      | Learned a level 4 spell: Iskenderun's Mystic Blast
  3069 | D:4      | Reached skill level 1 in Hexes
  3069 | D:4      | Reached XP level 6. HP: 32/32 MP: 14/19
  3139 | D:4      | Reached skill level 1 in Translocations
  3692 | D:5      | Entered Level 5 of the Dungeon
  3697 | D:5      | Reached skill level 9 in Spellcasting
  3697 | D:5      | Reached skill level 5 in Conjurations
  3738 | D:5      | Reached XP level 7. HP: 36/36 MP: 15/21
  3801 | D:5      | Shot with an arrow by a centaur

Illustrated notes

Levels and vault maps discovered:
D:1:      lemuel_arrival_muddy, layout_basic
D:2:      layout_basic, chequers_ecumenical_altar_twisty, uniq_jessica
D:3:      layout_loops_ring, glass_columns_a
D:4:      layout_loops_ring
D:5:      minmay_clustersquares, layout_rooms

Skill      XL: |  1  2  3  4  5  6 |
---------------+-------------------+-----
Spellcasting   | 4 5 6 7 8 9 |  9.3
Hexes          | 1 2 |  2.0
Translocations | 1 |  1.0
Conjurations   | 5 |  5.1
Dodging        | |  2.4
Stealth        | |  2.4

Action                   |  1- 3 |  4- 6 |  7- 9 || total
-------------------------+-------+-------+-------++-------
Melee: Dagger            |     7 |       |       ||     7
       Halberd           |       |     3 |       ||     3
       Long sword        |       |     2 |       ||     2
 Cast: Magic Dart        |    48 |   135 |     7 ||   190
       Blink             |       |       |     1 ||     1
Armor: Robe              |     2 |     2 |     1 ||     5
Dodge: Dodged            |     5 |     9 |     2 ||    16

Table legend: (Time is in decaauts)
 A = Elapsed time spent in this place.
 B = Non-inter-level travel time spent in this place.
 C = Inter-level travel time spent in this place.
 D = Time resting spent in this place.
 E = Time spent auto-exploring this place.
 F = Levels seen in this place.
 G = Mean time per level.
                   A        B        C        D        E       F      G
               +--------+--------+--------+--------+--------+-----+--------+
         Total |   3803 |   3752 |     51 |    201 |   3122 |   5 |  760.6 |
       Dungeon |   3803 |   3752 |     51 |    201 |   3122 |   5 |  760.6 |
               +--------+--------+--------+--------+--------+-----+--------+

Top non-repeatable levels by time:
     D:1: 977 daAuts
     D:3: 957 daAuts
     D:4: 907 daAuts
     D:2: 852 daAuts
     D:5: 108 daAuts
